 Dungeon Crawl Stone Soup version 0.30-a0-634-g8abc85282e (webtiles) character file.

Game seed: 3620104272088421566

6 arthad the Caller (level 1, -3/7 HPs)
             Began as a Felid Summoner on Jan 15, 2023.
             Slain by a gnoll
             ... wielding a +0 club
              (9 damage)
             ... on level 1 of the Dungeon.
             The game lasted 00:01:29 (188 turns).

arthad the Caller (Felid Summoner)                   Turns: 188, Time: 00:01:30

Health: -3/7       AC:  1    Str:  4    XL:     1   Next: 75%
Magic:  3/4        EV: 17    Int: 16    God:
Gold:   9          SH:  0    Dex: 16    Spells: 3/4 levels left
                                        Lives:  0   Deaths: 0

rFire   . . .      SeeInvis +    (weapon unavailable)
rCold   . . .      Faith    .    (shield unavailable)
rNeg    . . .      Spirit   .    (body armour unavailable)
rPois   .          Reflect  .    (helmet unavailable)
rElec   .          Harm     .    (cloak unavailable)
rCorr   .          Rampage  .    (gloves unavailable)
Will    .....                    (boots unavailable)
Stlth   ++                       (no amulet)
HPRegen 0.21/turn                (no ring)
MPRegen 0.09/turn                (no ring)

@: quick
A: very small, claws 1, fangs 3, see invisible, speed 1, shaggy fur 1, stealthy
paws, no weapons or thrown items, no armour, multi-lived
a: no special abilities


You were on level 1 of the Dungeon.
You visited 1 branch of the dungeon, and saw 1 of its levels.

You collected 9 gold pieces.

Inventory:

Potions
 a - a potion of magic


   Skills:
 - Level 2.6 Dodging
 - Level 2.6 Stealth
 - Level 2.0 Spellcasting
 * Level 4.3 Summonings


You had 3 spell levels left.
You knew the following spells:

 Your Spells              Type           Power      Damage    Failure   Level
a - Summon Small Mammal   Summ           60%        N/A       3%          1

Your spell library contained the following spells:

 Spells                   Type           Power      Damage    Failure   Level
 Call Imp                 Summ           15%        N/A       5%          2
 Call Canine Familiar     Summ           15%        N/A       11%         3
 Summon Guardian Golem    Hex/Summ       8%         N/A       26%         3
 Summon Lightning Spire   Summ/Air       8%         N/A       63%         4


Dungeon Overview and Level Annotations

Branches:
Dungeon (1/15)

Altars:


Innate Abilities, Weirdness & Mutations

You have sharp claws.
You have razor-sharp teeth.
You have supernaturally acute eyesight. (SInv)
You cover ground quickly. (Speed+)
You are covered in fur. (AC +1)
Your paws help you pounce on unaware monsters.
You are incapable of wielding weapons or throwing items.
You cannot wear armour.
You gain extra lives every three experience levels.


Message History

t - Meow!
Orders for allies: a - Attack new target. r - Retreat! s - Stop attacking. g - Guard the area. f - Follow me.
Anything else - Cancel.
Gang up on whom?
Press: ? - help, Dir - move target, f - gnoll
Aim: a gnoll, wielding a +0 club (heavily wounded, not watching you, ally target) Attack!
The gnoll hits your rat with a +0 club!
Your rat dies!
Your rat's corpse disappears in a puff of smoke!
Your quokka bites the gnoll.
You swap places.
The gnoll hits your quokka with a +0 club.
Your quokka dies!
Your quokka's corpse disappears in a puff of smoke!
Found 12 gold pieces.
The gnoll misses you. The gnoll hits your bat with a +0 club.
Your bat dies!
Your bat's corpse disappears in a puff of smoke!
You are out of magic!
Found a stone staircase leading down.
Okay, then.
Magic courses through your body. The gnoll closely misses you.
You barely miss the gnoll.
The gnoll is severely wounded.
Your rat bites the gnoll but does no damage.
The gnoll closely misses you.
You barely miss the gnoll.
The gnoll is severely wounded.
Your rat misses the gnoll. The gnoll closely misses you.
The frilled lizard bites you.
Your rat bites the gnoll but does no damage.
You completely miss the gnoll. You bite the gnoll.
The gnoll is almost dead.
Your rat bites the gnoll.
The gnoll hits you with a +0 club!
Ouch! That really hurt!
You die...

#.....#.......#####
.......####.......
... #.#......##
###.###.#.####..#
####...##....#
##.###
###......§lr####
#.##.
..$....r#######
#....
####).rgl.....#
#.... #..#.@r[....#
###.## #.
#........# ##...#
#. #.........#
##..### #
#..........###..##
...#........##..##
#.>#####.####...##
.... ###.###..###
.## ........##
###..##.#


You could see a gnoll (ally target), a frilled lizard, a rat and 2 friendly
rats.

Vanquished Creatures (collateral kills)
  2 endoplasms (D:1)
  2 hobgoblins (D:1)
  A bat (D:1)
5 creatures vanquished.

Notes
Turn   | Place    | Note
-------+----------+-------------------------------------------
     0 | D:1      | arthad the Felid Summoner began the quest for the Orb.
     0 | D:1      | Reached XP level 1. HP: 7/7 MP: 4/4
   188 | D:1      | Slain by a gnoll

Illustrated notes

Levels and vault maps discovered:
D:1:      amcnicky_arrival_flooded_fountain, layout_rooms,
          chequers_ecumenical_altar_twisty, serial_shops,
          nicolae_shop_competitors_out_of_business, minmay_stone_trees_small,
          hex_intersection

Action                   || total
-------------------------++-------
Melee: Unarmed           ||     3
       Bite              ||     1
 Cast: Summon Small Mamm ||    15
  Use: Potion            ||     1
Dodge: Dodged            ||    12

Table legend: (Time is in decaauts)
 A = Elapsed time spent in this place.
 B = Non-inter-level travel time spent in this place.
 C = Inter-level travel time spent in this place.
 D = Time resting spent in this place.
 E = Time spent auto-exploring this place.
 F = Levels seen in this place.
 G = Mean time per level.
                   A        B        C        D        E       F      G
               +--------+--------+--------+--------+--------+-----+--------+
         Total |    172 |    172 |      0 |      0 |     84 |   1 |  172.0 |
       Dungeon |    172 |    172 |      0 |      0 |     84 |   1 |  172.0 |
               +--------+--------+--------+--------+--------+-----+--------+

Top non-repeatable levels by time:
     D:1: 172 daAuts
